 Dungeon Crawl Stone Soup version 0.20-a0-792-g09bcfd3 (webtiles) character file.

2681 nono the Shield-Bearer (level 9, 0/47 HPs)
             Began as a Vine Stalker Hunter on Feb 28, 2017.
             Was a Priest of Okawaru.
             Killed from afar by Yehuk's ghost (25 damage)
             ... with a bolt of negative energy
             ... on level 8 of the Dungeon.
             The game lasted 00:22:00 (3441 turns).

nono the Shield-Bearer (Vine Stalker Hunter)        Turns: 3441, Time: 00:22:02

Health: 0/47       AC: 11    Str: 18      XL:     9   Next: 64%
Magic:  0/10       EV:  9    Int: 16      God:    Okawaru [***...]
Gold:   186        SH: 14    Dex: 12 (15) Spells: 8/8 levels left

rFire    . . .     SeeInvis .   K - +4 dagger "Morg" {pain, MR+ Int+5}
rCold    . . .     Gourm    .   M - -1 chain mail (curse)
rNeg     . . .     Faith    .   D - +2 shield
rPois    +         Spirit   +   (no helmet)
rElec    .         Reflect  .   u - scarf {Spirit}
rCorr    .         Harm     .   (no gloves)
MR       ++...                  (no boots)
Stlth    ..........             (no amulet)
Regen    0.6/turn               (no ring)
MPRegen  0.2/turn               (no ring)

@: heroism, heavily drained
A: fangs 3, yellow scales 1, deterioration 1, high mp 1, poison resistance,
regeneration 1, magic shield, antimagic bite, no potion heal 3, rot immunity
a: Heroism, Renounce Religion


You were on level 8 of the Dungeon.
You worshipped Okawaru.
Okawaru was most pleased with you.
You were not hungry.

You visited 2 branches of the dungeon, and saw 10 of its levels.
You also visited: Ossuary.

You collected 186 gold pieces.

Inventory:

Hand Weapons
 a - a +0 short sword
 d - a +0 dagger of protection
 i - a +0 rapier
 K - the +4 dagger "Morg" (weapon) {pain, MR+ Int+5}
   (You found it on level 6 of the Dungeon)

   In the hands of one skilled in necromantic magic, it inflicts extra damage on
   living creatures.
   It affects your intelligence (+5).
   It affects your resistance to hostile enchantments.
Missiles
 c - 5 javelins
 e - 9 curare-tipped needles
 h - 46 poisoned needles
 H - 7 tomahawks (quivered)
Armour
 b - a +0 leather armour
 u - a scarf of spirit shield (worn)
 D - a +2 shield (worn)
 F - a +3 leather armour of cold resistance
 M - a cursed -1 chain mail (worn)
Wands
 J - a wand of lightning (0/15)
Scrolls
 g - 2 scrolls of enchant weapon
 l - 4 scrolls of identify
 m - 2 scrolls of amnesia
 o - 2 scrolls of noise
 q - a scroll of fog
 v - a scroll of blinking
 w - a scroll of immolation
 x - a scroll of enchant armour
 G - 4 scrolls of fear
 L - 2 scrolls of teleportation
Potions
 j - a potion of flight
 n - a potion of mutation
 p - 3 potions of brilliance
 r - a potion of experience {unknown}
 z - 3 potions of curing {unknown}
 A - 2 potions of invisibility {unknown}
 B - a potion of heal wounds
 C - a potion of degeneration {unknown}
 E - 2 potions of cancellation {unknown}
 I - 3 potions of magic {unknown}
 N - a potion of haste {unknown}
Books
 y - a book of Maledictions

   Spells                             Type                      Level
   a - Corona                         Hexes                        1
   b - Ensorcelled Hibernation        Hexes/Ice                    2
   c - Confuse                        Hexes                        3
   d - Tukima's Dance                 Hexes                        3
   e - Dazzling Spray                 Conjuration/Hexes            3
Comestibles
 f - 2 bread rations
 s - a fruit
 t - 4 meat rations


   Skills:
 - Level 5.0(8.6) Fighting
 - Level 4.7(8.3) Short Blades
 - Level 5.3(8.8) Throwing
 - Level 2.6(6.3) Armour
 - Level 3.2(6.9) Dodging
 - Level 1.2(4.9) Stealth
 + Level 7.3(10.8) Shields


You had 8 spell levels left.
You didn't know any spells.

Dungeon Overview and Level Annotations

Branches:
Dungeon (9/15)             Temple (1/1) D:5
   Lair: D:8-11         Orc: D:9-12

Altars:
Ashenzari
Cheibriados
Dithmenos
Elyvilon
Fedhas
Gozag
Hepliaklqana
Kikubaaqudgha
Makhleb
Nemelex Xobeh
Okawaru
Qazlal
Ru
Sif Muna
Trog
Uskayaw
Vehumet
Wu Jian
Yredelemnul
Zin
The Shining One

Annotations:
D:6 Pikel
D:8 Yehuk's ghost, novice DrTm
D:9 Morrissey's ghost, novice TrHu


Innate Abilities, Weirdness & Mutations

You have razor-sharp teeth.
Your natural rate of healing is unusually fast.
When hurt, damage is shared between your health and your magic reserves.
Your bite disrupts and absorbs the magic of your enemies.
Potions cannot restore your health.
You are immune to rotting.
You are partially covered in yellow scales. (AC +2)
Your body sometimes deteriorates upon taking damage.
You have an increased reservoir of magic. (+10% MP)
Your system is resistant to poisons. (rPois)


Message History

You block Yehuk's ghost's attack.
You hit Yehuk's ghost but do no damage.
Yehuk's ghost is moderately damaged.
You miss Yehuk's ghost.
You bite Yehuk's ghost, but do no damage.
Yehuk's ghost is moderately damaged.
You block Yehuk's ghost's attack.
You completely miss Yehuk's ghost.
You bite Yehuk's ghost, but do no damage.
Yehuk's ghost is moderately damaged.
You completely miss Yehuk's ghost.
Yehuk's ghost is moderately damaged.
You block Yehuk's ghost's attack.
You miss Yehuk's ghost.
You bite Yehuk's ghost, but do no damage.
Yehuk's ghost is moderately damaged.
Yehuk's ghost breathes negative energy at you.
The bolt of negative energy hits you!
You feel drained.
Ouch! That really hurt!
You die...

.#...#..# #..#.#
.#...........#.#
.#...#.#######W##
.##.##.# ##...##
W......# ##.###.##
#...#.#####.## ##.#
....##W...W.# #.#
#..##.......# ##W#
...#.#.....#.###@###
....##.....##......#
..####.....#######.#
.......###### #.#
..###.......# #.#
..###.......# #.#
.........##†# #.#
##.##.....#.######)#
##†##..#........((.###


You could see Yehuk's ghost.

Vanquished Creatures
  A manticore (D:8)
  A wyvern (D:8)
  2 hungry ghosts (D:7)
  An orc warrior (D:8)
  2 slaves (D:6)
  A necrophage (D:8)
  A sky beast (D:6)
  4 ogres
  A crocodile (D:8)
  A centaur (D:8)
  A big kobold (D:7)
  A bullfrog (D:5)
  6 killer bees (D:8)
  A howler monkey (D:9)
  A quasit (D:9)
  A hound (D:8)
  A jelly (D:8)
  6 orc wizards
  2 orc priests
  An iguana (D:4)
  A hound zombie (D:6)
  A worker ant zombie (D:9)
  13 mummies
  4 gnolls (D:6)
  6 adders
  A shadow imp (D:5)
  2 oozes
  An adder skeleton (D:6)
  2 worms (D:3)
  A dart slug (D:1)
  A leopard gecko (D:4)
  28 orcs
  2 bats (D:2)
  2 giant cockroaches (D:3)
  4 goblins (D:2)
  2 hobgoblins
  11 jackals
  9 kobolds
  A ball python (D:2)
  3 frilled lizards
  3 gnoll skeletons (Ossuary)
  2 kobold skeletons (Ossuary)
  A kobold zombie (D:5)
  3 orc skeletons (Ossuary)
  A quokka skeleton (D:8)
  5 rats
  11 rat skeletons (Ossuary)
157 creatures vanquished.

Notes
Turn   | Place    | Note
-------+----------+-------------------------------------------
     0 | D:1      | nono the Vine Stalker Hunter began the quest for the Orb.
     0 | D:1      | Reached XP level 1. HP: 11/11 MP: 2/2
    90 | D:2      | Reached XP level 2. HP: 15/15 MP: 3/3
   238 | D:2      | Reached XP level 3. HP: 18/18 MP: 4/4
   518 | D:3      | Reached skill level 5 in Throwing
   518 | D:3      | Gained mutation: Your natural rate of healing is unusually fast. [Vine Stalker growth]
   518 | D:3      | Reached XP level 4. HP: 23/23 MP: 5/5
   539 | D:3      | Reached XP level 5. HP: 22/26 MP: 6/6
   544 | D:3      | Reached skill level 1 in Short Blades
  1024 | D:4      | Found an opulent altar of Gozag.
  1094 | D:5      | Entered Level 5 of the Dungeon
  1170 | D:5      | Found a sand-covered staircase.
  1179 | D:5      | Reached XP level 6. HP: 25/32 MP: 7/7
  1182 | Ossuary  | Entered an ossuary
  1626 | D:5      | Found a sacrificial altar of Ru.
  1705 | D:5      | Found a staircase to the Ecumenical Temple.
  1715 | Temple   | Entered the Ecumenical Temple
  1769 | Temple   | Became a worshipper of Warmaster Okawaru
  1947 | D:5      | Reached XP level 7. HP: 21/37 MP: 6/8
  1980 | D:6      | Noticed Pikel
  2002 | D:6      | Gained mutation: Scrolls take you a little longer to read. [potion of mutation]
  2002 | D:6      | Gained mutation: Your mind is acute. (Int +2) [potion of mutation]
  2002 | D:6      | Gained mutation: Your muscles are strong. (Str +2) [potion of mutation]
  2359 | D:6      | Reached * piety under Okawaru
  2359 | D:6      | Reached skill level 5 in Fighting
  2362 | D:6      | Lost mutation: Scrolls take you a little longer to read. [mutagenic meat]
  2363 | D:6      | Gained mutation: Your spells are a little harder to cast, but a little more powerful. [mutagenic meat]
  2364 | D:6      | Gained mutation: Your body sometimes deteriorates upon taking damage. [mutagenic meat]
  2366 | D:6      | Lost mutation: Your body sometimes deteriorates upon taking damage. [potion of mutation]
  2366 | D:6      | Lost mutation: Your spells are a little harder to cast, but a little more powerful. [potion of mutation]
  2366 | D:6      | Lost mutation: Your muscles are strong. (Str +2) [potion of mutation]
  2366 | D:6      | Gained mutation: You have an increased reservoir of magic. (+10% MP) [potion of mutation]
  2366 | D:6      | Gained mutation: You have sharp toenails. [potion of mutation]
  2388 | D:6      | Lost mutation: You have sharp toenails. [potion of mutation]
  2388 | D:6      | Lost mutation: Your mind is acute. (Int +2) [potion of mutation]
  2388 | D:6      | Gained mutation: You are partially covered in yellow scales. (AC +2) [potion of mutation]
  2388 | D:6      | Gained mutation: Your body sometimes deteriorates upon taking damage. [potion of mutation]
  2388 | D:6      | Gained mutation: Your system is resistant to poisons. (rPois) [potion of mutation]
  2550 | D:7      | Gained mutation: You have razor-sharp teeth. [Vine Stalker growth]
  2550 | D:7      | Reached XP level 8. HP: 41/43 MP: 9/9
  2641 | D:7      | Reached skill level 1 in Armour
  2767 | D:8      | Noticed a wyvern
  2878 | D:8      | Noticed a manticore
  2894 | D:8      | Killed a manticore
  2894 | D:8      | Reached ** piety under Okawaru
  2894 | D:8      | Reached skill level 3 in Shields
  2897 | D:8      | HP: 1/43 [necrophage (3)]
  2901 | D:8      | Reached skill level 4 in Shields
  2901 | D:8      | Reached XP level 9. HP: 3/47 MP: 1/10
  2926 | D:8      | Reached skill level 5 in Shields
  2993 | D:8      | Reached skill level 6 in Shields
  3026 | D:8      | Reached *** piety under Okawaru
  3177 | D:9      | Noticed Morrissey's ghost (novice TrHu)
  3324 | D:8      | Reached skill level 7 in Shields
  3374 | D:8      | Noticed Yehuk's ghost (novice DrTm)
  3441 | D:8      | Killed from afar by Yehuk's ghost

Vault maps used:
D:1:      scummos_arrival_simple_crosswalls
D:2:      kennysheep_cluttered_room
D:4:      first_bread, grunt_gozag_statues
D:5:      temple_pool_b, nicolae_ossuary_entry_giza, nicolae_ru_path_of_blood
D:6:      doesnt_xom_only_xom, minmay_checkerbox, uniq_pikel
Temple:   compressed_dpeg_triangle_lava_temple
Ossuary:  ossuary_due_small_catacomb

Skill      XL: |  1  2  3  4  5  6  7  8  9 |
---------------+----------------------------+-----
Throwing       | 4 5 |  5.3
Fighting       | 2 4 5 |  5.0
Short Blades   | 2 3 4 |  4.7
Dodging        | 3 |  3.2
Armour         | 2 |  2.6
Shields        | 4 7 |  7.3
Stealth        | |  1.2

Action                   |  1- 3 |  4- 6 |  7- 9 || total
-------------------------+-------+-------+-------++-------
Melee: Short sword       |    46 |    63 |       ||   109
       Bite              |    10 |   134 |   143 ||   287
       Dagger            |       |   280 |   482 ||   762
Throw: Javelin           |    17 |    19 |       ||    36
       Throwing net      |     1 |     3 |       ||     4
       Tomahawk          |       |       |     7 ||     7
Invok: Heroism           |       |       |     6 ||     6
Evoke: Wand              |       |       |     3 ||     3
  Use: Scroll            |       |       |    13 ||    13
       Potion            |       |       |     7 ||     7
 Stab: Held in net/web   |     1 |       |       ||     1
       Sleeping          |       |     2 |       ||     2
  Eat: Chunk             |       |     3 |    13 ||    16
       Fruit             |       |       |     3 ||     3
       Bread ration      |       |       |     1 ||     1
       Royal jelly       |       |       |     1 ||     1
Armor: Leather armour    |     6 |    78 |    67 ||   151
       Chain mail        |       |       |   133 ||   133
Dodge: Dodged            |    30 |   161 |   202 ||   393
Block: Shield            |       |       |    85 ||    85
